 Dungeon Crawl Stone Soup version 0.24.0-123-gd5b16e6ec5 (webtiles) character file.

Game seed: 7923117008030305751, levelgen mode: deterministic

211 sagitran the Slasher (level 5, -17/45 HPs)
             Began as a Demigod Fighter on Dec 22, 2019.
             Demolished by a crimson imp
             ... wielding a +0 dagger of chaos
              (20 damage)
             ... on level 3 of the Dungeon.
             The game lasted 00:06:35 (1804 turns).

sagitran the Slasher (Demigod Fighter)              Turns: 1804, Time: 00:06:36

Health: -17/45     AC:  7    Str: 23 (24) XL:     5   Next: 31%
Magic:  7/7        EV:  7    Int: 11 (12) God:
Gold:   140        SH:  0    Dex: 15 (17) Spells: 4/4 levels left

rFire    . . .     SeeInvis .   a - +1 long sword
rCold    . . .     Gourm    .   c - +0 shield
rNeg     . . .     Faith    .   b - +1 scale mail
rPois    .         Spirit   .   (no helmet)
rElec    .         Reflect  .   (no cloak)
rCorr    .         Harm     .   (no gloves)
MR       .....                  (no boots)
Stlth    ..........             (no amulet)
HPRegen  0.15/turn              (no ring)
MPRegen  0.10/turn              (no ring)

@: confused, mighty, slowed, lightly drained, very slow
A: high mp 1
a: no special abilities


You were on level 3 of the Dungeon.
You were not hungry.

You visited 1 branch of the dungeon, and saw 3 of its levels.

You collected 140 gold pieces.

Inventory:

Hand Weapons
 a - a +1 long sword (weapon)
 n - a cursed -1 trident
Armour
 b - a +1 scale mail (worn)
 c - a +0 shield (worn)
Jewellery
 j - a +3 ring of intelligence {unknown}
Wands
 o - a wand of polymorph (10)
Scrolls
 i - a scroll of remove curse {unknown}
 k - a scroll of teleportation {unknown}
 l - a scroll of identify {unknown}
 m - a scroll of magic mapping {unknown}
 p - a scroll of fear {unknown}
Potions
 e - a potion of degeneration
 h - a potion of lignification {unknown}
Comestibles
 f - 3 rations


   Skills:
 + Level 3.1(2.9) Fighting
 + Level 3.8(3.5) Long Blades
 + Level 3.5(3.3) Armour
 + Level 0.6(0.3) Dodging
 + Level 0.1(0.0) Stealth
 + Level 3.4(3.1) Shields


You had 4 spell levels left.
You didn't know any spells.
Your spell library was empty.

Dungeon Overview and Level Annotations

Branches:
Dungeon (3/15)


Innate Abilities, Weirdness & Mutations

You have an increased reservoir of magic. (+10% MP)


Message History

You hit the crimson imp.
The crimson imp is moderately wounded.
The crimson imp hits you with a +0 dagger of chaos.
You feel yourself slow down.
You closely miss the crimson imp.
The crimson imp is moderately wounded.
The crimson imp hits you with a +0 dagger of chaos.
You are electrocuted!
* * * LOW HITPOINT WARNING * * *
The crimson imp hits you with a +0 dagger of chaos.
* * * LOW HITPOINT WARNING * * *
You feel drained.
You miss the crimson imp.
The crimson imp is lightly wounded.
The crimson imp hits you with a +0 dagger of chaos.
* * * LOW HITPOINT WARNING * * *
You are confused.
The crimson imp hits you but does no damage.
You are electrocuted!!
You die...

#.####......#..
.........>..#.##
#.#.#.#..(....#..#
#................# .
.#.#.#.####.##.######. 5.
#. #.#(............... ...
#...#.#.##.####.##.#.# ..
#...........†.)....#.#.#.#
#..####.##@####.##.#.....#.
#.##5# #............
####.##.#######.###.####
#.........).....[..<#
####.##.#######.#####
#.##.##........
..##.##..........
##.##.##..........#
#.##.##..........#


You could see a crimson imp.

Vanquished Creatures
  3 crimson imps (D:3)
  4 adders
  An ooze (D:1)
  A dart slug (D:2)
  4 leopard geckos
  An orc (D:3)
  8 bats
  3 giant cockroaches (D:1)
  8 goblins
  10 hobgoblins
  5 kobolds
  A quokka (D:2)
  A frilled lizard (D:3)
  12 rats
62 creatures vanquished.

Notes
Turn   | Place    | Note
-------+----------+-------------------------------------------
     0 | D:1      | sagitran the Demigod Fighter began the quest for the Orb.
     0 | D:1      | Reached XP level 1. HP: 18/18 MP: 3/3
   126 | D:1      | Reached XP level 2. HP: 14/25 MP: 4/4
   619 | D:1      | Reached XP level 3. HP: 28/31 MP: 5/5
  1152 | D:2      | Found a stormy altar of Qazlal.
  1208 | D:2      | Found a faded altar of an unknown god.
  1253 | D:2      | Found an opulent altar of Gozag.
  1438 | D:2      | Reached XP level 4. HP: 36/38 MP: 6/6
  1773 | D:3      | Reached XP level 5. HP: 31/45 MP: 7/7
  1804 | D:3      | Demolished by a crimson imp

Levels and vault maps discovered:
D:1:      moated_graveyard_arrival, layout_basic, minmay_small_reverse_x
D:2:      layout_loops_cross, grunt_qazlal_sundering,
          nicolae_gozag_seed_capital, chequers_ecumenical_altar_simple,
          serial_bayou_pond_d
D:3:      layout_basic, old_standard_altar, gammafunk_temple_overflow_pools,
          led_xom_imps, uniq_robin, uniq_grinder

Skill      XL: |  1  2  3  4 |
---------------+-------------+-----
Long Blades    | 2 3 |  3.8
Armour         | 3 |  3.5
Fighting       | 3 |  3.1
Shields        | 3 |  3.4
Dodging        | |  0.6
Stealth        | |  0.1

Action                   |  1- 3 |  4- 6 || total
-------------------------+-------+-------++-------
Melee: Long sword        |   137 |    71 ||   208
  Use: Scroll            |     1 |     1 ||     2
       Potion            |       |     4 ||     4
  Eat: Chunk             |     1 |     2 ||     3
Armor: Scale mail        |    85 |    45 ||   130
Dodge: Dodged            |    49 |    34 ||    83
Block: Shield            |    87 |    38 ||   125
       Rpst.: Long sword |    17 |    11 ||    28
